 Dungeon Crawl Stone Soup version 0.30-a0-116-g3b1a8e4ee4 (webtiles) character file.

Game seed: 6955462911709318756

161 jlumianski the Chopper (level 5, -3/39 HPs)
             Began as a Demonspawn Gladiator on Sept 13, 2022.
             Killed from afar by an orc wizard (6 damage)
             ... with a magic dart
             ... on level 4 of the Dungeon.
             The game lasted 00:10:59 (2867 turns).

jlumianski the Chopper (Demonspawn Gladiator)       Turns: 2867, Time: 00:11:00

Health: -3/39      AC: 16    Str: 17    XL:     5   Next: 18%
Magic:  14/14      EV:  5    Int:  9    God:
Gold:   104        SH:  0    Dex: 14    Spells: 4/4 levels left

rFire   . . .      SeeInvis .    a - +0 war axe
rCold   . . .      Faith    .    (no shield)
rNeg    . . .      Spirit   .    i - +0 plate armour
rPois   .          Reflect  .    c - +0 helmet
rElec   .          Harm     .    (no cloak)
rCorr   .          Rampage  .    o - +0 pair of gloves
Will    .....                    (no boots)
Stlth   ..........               (no amulet)
HPRegen 0.13/turn                j - +4 ring of protection
MPRegen 0.14/turn                f - ring of magical power

@: mighty, lethally poisoned (-3 -> -8)
A: demonic magic 1, demonic touch 1
a: no special abilities


You were on level 4 of the Dungeon.
You visited 1 branch of the dungeon, and saw 4 of its levels.

You collected 104 gold pieces.

Inventory:

Hand Weapons
 a - a +0 war axe (weapon)
 n - a +4 whip
 q - a +2 sling of flaming
Missiles
 d - 3 throwing nets (quivered)
 e - a javelin
 h - 48 stones
 k - 3 atropa-tipped darts
 l - 6 poisoned darts
 r - 5 boomerangs
Armour
 b - a +0 leather armour
 c - a +0 helmet (worn)
 i - a +0 plate armour (worn)
 o - a +0 pair of gloves (worn)
Magical Staves
 y - a staff of conjuration
Jewellery
 f - a ring of magical power (right hand)
 j - a +4 ring of protection (left hand)
 v - a ring of positive energy
 w - an amulet of faith
Wands
 D - a wand of digging (5)
 F - a wand of flame (19)
Scrolls
 p - a scroll of noise {unknown}
 s - a scroll of amnesia {unknown}
 t - a scroll of poison {unknown}
 u - a scroll of magic mapping {unknown}
 z - 2 scrolls of teleportation
 C - a scroll of immolation {unknown}
 E - a scroll of vulnerability {unknown}
Potions
 g - a potion of invisibility {unknown}
 m - a potion of lignification
 x - a potion of might
 A - a potion of curing {unknown}
 B - a potion of resistance {unknown}


   Skills:
 + Level 2.5 Fighting
 + Level 3.9 Axes
 + Level 1.8 Ranged Weapons
 + Level 2.0 Throwing
 + Level 1.0 Armour
 + Level 3.2 Dodging


You had 4 spell levels left.
You didn't know any spells.
Your spell library contained the following spells:

 Spells                   Type           Power      Damage    Failure   Level
 Apportation              Tloc           0%         N/A       100%        1
 Summon Small Mammal      Summ           0%         N/A       100%        1
 Call Canine Familiar     Summ           0%         N/A       100%        3
 Summon Guardian Golem    Hex/Summ       0%         N/A       100%        3
 Alistair's Intoxication  Tmut/Pois      0%         N/A       100%        5


Dungeon Overview and Level Annotations

Branches:
Dungeon (4/15)
 Temple: D:4-7

Altars:
Okawaru
Uskayaw

Shops:
D:3 !

Annotations:
D:3 1 transporter


Innate Abilities, Weirdness & Mutations

Spells you cast may paralyse adjacent enemies.
Your touch may inflict minor irresistible damage on your foes.


Message History

You closely miss the orc.
You feel very sick.
The orc wizard hits you with a +1 dagger of venom.
You are more poisoned.
The orc hits you but does no damage.
You closely miss the orc wizard.
You touch the orc wizard.
You kill the orc wizard!
You barely miss the orc. You slash the goblin!
You kill the goblin!
You feel very sick. The orc barely misses you.
The orc hits you but does no damage.
Your Armour skill increases to level 1!
You have reached level 5!
Your demonic ancestry asserts itself...
A menacing aura infuses your magic.
The orc wizard shouts!
You slash the iguana!
The iguana is heavily wounded.
You hit the orc but do no damage.
You feel very sick. The iguana bites you! The orc barely misses you.
You closely miss the iguana. Your touch misses the iguana.
The iguana is heavily wounded.
You slash the orc!
You kill the orc!
You hit the orc wizard.
You feel very sick. The iguana bites you.
The orc wizard hits you but does no damage.
The iguana bites you.
* * * LOW HITPOINT WARNING * * *
You barely miss the iguana.
The iguana is heavily wounded.
You hit the orc wizard.
You feel sick.
The orc wizard hits you but does no damage.
The iguana bites you.
* * * LOW HITPOINT WARNING * * *
The orc wizard gestures at you while chanting.
The magic dart hits you.
You die...

#...###.# #....##.#
##.....#.# ##...#....#
###...###...#####
######..............).
#........#.).).#...###
###.......##.._..##.####
#.....)@...#.).).#...#..
#.#...ol#............#.#
. #####.#....###........
........#.........
...#.#..........[..
...#.#.############ ...#
# . ...## ## #


You could see an iguana and an orc wizard.

Vanquished Creatures
  A hound (D:4)
  An orc wizard (D:4)
  3 adders (D:3)
  A worm (D:2)
  5 dart slugs
  An orc (D:4)
  2 endoplasms
  4 giant cockroaches
  7 goblins
  7 hobgoblins
  6 jackals
  2 quokkas
  8 ball pythons
  3 bats (D:1)
  4 frilled lizards
  7 kobolds
  2 rats
64 creatures vanquished.

Notes
Turn   | Place    | Note
-------+----------+-------------------------------------------
     0 | D:1      | jlumianski the Demonspawn Gladiator began the quest for the
                  | Orb.
     0 | D:1      | Reached XP level 1. HP: 16/16 MP: 1/1
    36 | D:2      | Found a hide-covered altar of Uskayaw.
   118 | D:3      | Gained mutation: Your touch may inflict minor irresistible
                  | damage on your foes. [demonic ancestry]
   118 | D:3      | Reached XP level 2. HP: 9/22 MP: 2/2
   574 | D:3      | Found a transporter.
   675 | D:2      | Reached XP level 3. HP: 27/27 MP: 3/3
  1648 | D:2      | Reached XP level 4. HP: 33/33 MP: 4/4
  1679 | D:2      | Reached skill level 1 in Ranged Weapons
  2123 | D:3      | Found a transporter.
  2124 | D:3      | Found a faded altar of an unknown god.
  2268 | D:4      | Noticed a phantom
  2280 | D:3      | Found Zoschuory's Distillery.
  2805 | D:4      | Found an iron altar of Okawaru.
  2865 | D:4      | Reached skill level 1 in Armour
  2865 | D:4      | Gained mutation: Spells you cast may paralyse adjacent
                  | enemies. [demonic ancestry]
  2865 | D:4      | Reached XP level 5. HP: 26/39 MP: 5/5
  2867 | D:4      | Killed from afar by an orc wizard

Illustrated notes

Levels and vault maps discovered:
D:1:      ebering_trefoil_twist, layout_basic, amcnicky_mini_corridor_feature
D:2:      layout_loops_corners, basic_altar, minmay_tromino_mix6
D:3:      gammafunk_wand_slinger, layout_loops_ring, serial_shops, shop_statue,
          ebering_ecumenical_altar_sacrificial, columned_hall_lemuel,
          kennysheep_another_room
D:4:      layout_basic, okawaru_ov_weapons_minmay,
          chequers_serial_rivers_small_a, glass_columns_a,
          chequers_serial_rivers_small_a, kennysheep_small_spiral,
          uniq_blork_the_orc

Skill      XL: |  1  2  3  4 |
---------------+-------------+-----
Axes           | 3 |  3.9
Dodging        | 3 |  3.2
Throwing       | 2 |  2.0
Ranged Weapons | 1 |  1.8
Armour         | 1 |  1.0
Fighting       | |  2.5

Action                   |  1- 3 |  4- 6 || total
-------------------------+-------+-------++-------
Melee: War axe           |    58 |    45 ||   103
       Touch             |     7 |     5 ||    12
 Fire: Sling             |    27 |     6 ||    33
  Use: Potion            |       |     2 ||     2
       Scroll            |       |     1 ||     1
Armor: Leather armour    |    25 |       ||    25
       Plate armour      |    10 |    47 ||    57
Dodge: Dodged            |    51 |    15 ||    66

Table legend: (Time is in decaauts)
 A = Elapsed time spent in this place.
 B = Non-inter-level travel time spent in this place.
 C = Inter-level travel time spent in this place.
 D = Time resting spent in this place.
 E = Time spent auto-exploring this place.
 F = Levels seen in this place.
 G = Mean time per level.
                   A        B        C        D        E       F      G
               +--------+--------+--------+--------+--------+-----+--------+
         Total |   2924 |   2881 |     43 |    260 |   1642 |   4 |  731.0 |
       Dungeon |   2924 |   2881 |     43 |    260 |   1642 |   4 |  731.0 |
               +--------+--------+--------+--------+--------+-----+--------+

Top non-repeatable levels by time:
     D:3: 1188 daAuts
     D:2: 1017 daAuts
     D:1: 646 daAuts
     D:4: 72 daAuts
